 Dungeon Crawl Stone Soup version 0.31-a0-846-gb3bcc0d938 (webtiles) character file.

Game seed: 8658372842272180232

6953 retardedninja the Covert (level 11, -1/54 HPs)
             Began as a Gargoyle Fire Elementalist on Oct 3, 2023.
             Was a Priest of Vehumet.
             Killed by miscasting Bombard (11 damage)
             ... on level 9 of the Dungeon.
             The game lasted 00:22:05 (13292 turns).

retardedninja the Covert (GrFE)                    Turns: 13292, Time: 00:22:07

Health: -1/54      AC:  4    Str: 13    XL:     11   Next: 7%
Magic:  5/21       EV: 13    Int: 19    God:    Vehumet [***...]
Gold:   441        SH:  5    Dex: 10    Spells: 11/24 levels left

rFire   . . .        u - +1 halberd
rCold   + . .        (shield currently unavailable)
rNeg    + . .        d - +2 robe
rPois   ∞            a - +1 helmet
rElec   +            y - +0 cloak
rCorr   .            i - +0 pair of gloves
SInv    .            (no boots)
Will    .....        h - amulet of reflection
Stlth   ++           p - ring of protection from cold
HPRegen 0.29/turn    (no ring)
MPRegen 0.17/turn

%: reflection
@: corroded, contaminated, hasted, glowing, very quick
A: sickness immunity, AC +8, negative energy resistance 1, electricity
resistance, torment resistance 1, petrification resistance
a: Renounce Religion


You were on level 9 of the Dungeon.
You worshipped Vehumet.
Vehumet was most pleased with you.
You visited 2 branches of the dungeon, and saw 10 of its levels.

You collected 441 gold pieces.

Inventory:

Hand Weapons
 u - a +1 halberd (weapon)
Missiles
 n - 2 throwing nets
Armour
 a - a +1 helmet (worn)
 d - a +2 robe (worn)
 i - a +0 pair of gloves (worn)
 y - a +0 cloak (worn)
Jewellery
 h - an amulet of reflection (around neck)
 p - a ring of protection from cold (left hand)
Talismans
 c - a blade talisman
Wands
 t - a wand of polymorph (5)
 z - a wand of mindburst (3)
 E - a wand of flame (5)
Scrolls
 b - 2 scrolls of fog
 m - 2 scrolls of teleportation
 r - 2 scrolls of immolation
 D - a scroll of noise {unknown}
Potions
 g - a potion of lignification {unknown}
 j - 6 potions of curing
 l - a potion of brilliance
 q - a potion of might {unknown}
 s - a potion of resistance
 B - a potion of heal wounds {unknown}
 C - a potion of mutation {unknown}


   Skills:
 + Level 6.4 Dodging
 + Level 9.2 Stealth
 + Level 7.1 Spellcasting
 + Level 8.2 Conjurations
 + Level 8.1 Fire Magic


You had 11 spell levels left.
You knew the following spells:

 Your Spells              Type           Power      Damage    Failure   Level
a - Foxfire               Conj/Fire      100%       2x1d9     1%          1
b - Scorch                Fire           74%        2d8       1%          2
c - Flame Wave            Conj/Fire      37%        2d10      1%          4
d - Bombard               Conj/Erth      11%        9d3       54%         6

Your spell library contained the following spells:

 Spells                   Type           Power      Damage    Failure   Level
 Dazzling Flash           Conj/Hex       44%        N/A       1%          3
 Magic Dart               Conj           100%       1d8       1%          1
 Searing Ray              Conj           76%        2d7       1%          2
 Hailstorm                Conj/Ice       22%        3d7       1%          3
 Inner Flame              Hex/Fire       22%        N/A       1%          3
 Volatile Blastmotes      Fire/Tloc      44%        2d13      1%          3
 Freeze                   Ice            24%        1d4       2%          1
 Fulminant Prism          Conj/Hex       11%        3d8       5%          4
 Frozen Ramparts          Ice            12%        1d2       9%          3
 Summon Small Mammal      Summ           24%        N/A       10%         1
 Irradiate                Conj/Tmut      11%        3d15      13%         5
 Wereblood                Tmut           6%         N/A       16%         2
 Call Canine Familiar     Summ           6%         N/A       30%         3
 Summon Guardian Golem    Hex/Summ       6%         N/A       30%         3
 Lee's Rapid Deconstruct  Erth           3%         3d5*      54%         5
 Leda's Liquefaction      Hex/Erth       3%         N/A       69%         4
 Petrify                  Tmut/Erth      6%         N/A       69%         4
 Summon Hydra             Summ           3%         N/A       100%        7
 Sublimation of Blood     Necr           Unusable   N/A       N/A         2

Dungeon Overview and Level Annotations

Branches:
Dungeon (9/15)             Temple (1/1) D:4
   Lair: D:8-11         Orc: D:9-12

Altars:
Ashenzari
Cheibriados
Dithmenos
Elyvilon
Fedhas
Gozag
Hepliaklqana
Kikubaaqudgha
Makhleb
Nemelex Xobeh
Okawaru
Qazlal
Ru
Sif Muna
Trog
Uskayaw
Vehumet
Wu Jian
Xom
Yredelemnul
Zin
The Shining One

Shops:
D:5 ?   D:6 *   D:8 =(

Annotations:
D:8 3 runed translucent doors, Pooter's ghost, journeyman MiBe; petzl's ghost, weakling FoDe


Innate Abilities, Weirdness & Mutations

You are immune to sickness and miasma.
Your stone body is resilient. (AC +8)
You are immune to poison.
You resist negative energy. (rN+)
You are resistant to electric shocks. (rElec)
You are resistant to unholy torment.
You are immune to petrification.


Message History

You miscast Bombard.
You are contaminated with residual magic.
The air around you crackles with energy!!
* * * LOW HITPOINT WARNING * * *
The rust devil hits you.
* * * LOW HITPOINT WARNING * * *
The rust devil corrodes you!
Read: scroll of fear
Press: ? - help, Q - select action, (/) - cycle Dir - look around, f - activate Look: a rust devil (moderately wounded, chance to affect: 79%)
As you read the scroll of fear, it crumbles to dust.
You assume a fearsome visage.
The rust devil looks frightened!
Casting: Bombard (astonishingly dangerous; 54% risk of failure)
Confirm with . or Enter, or press ? or * to list all spells.
Aiming: Bombard (astonishingly dangerous; 54% risk of failure)
Press: ? - help, Shift-Dir - straight line, f/p - rust devil
Aim: a rust devil (lightly wounded, fleeing, 74% to hit)
The iron shot hits the rust devil!
The rust devil is heavily wounded.
Your attack snaps the rust devil out of its fear.
You feel better. The rust devil hits you!
* * * LOW HITPOINT WARNING * * *
The rust devil corrodes you! The rust devil closely misses you.
You feel less contaminated with magical energies.
Things that are here:
a +0 chain mail; a +0 war axe You feel yourself speed up.
The rust devil misses you.
The rust devil attacks as it pursues you!
The rust devil closely misses you.
Casting: Bombard (astonishingly dangerous; 54% risk of failure)
Confirm with . or Enter, or press ? or * to list all spells.
Aiming: Bombard (astonishingly dangerous; 54% risk of failure)
Press: ? - help, Shift-Dir - straight line, f/p - rust devil
Aim: a rust devil (heavily wounded, 74% to hit)
You miscast Bombard.
You are contaminated with residual magic.
Energy rips through your body!
You die...

##****#^#####.#.#.#.##....)######
# #.#...#.#.#.#.##.##### #... #
#.#.#.#.#.....##.# ###.#. #
#####.#.#<#.....####.# #..... #
#.....#.######.[.....# #.#### #
#.#####.....##.[###### #.# #
#...#######.##4># #.# # ###.#...#
#.....# ######.# # #.##..#
#...@.# #....#.# #.....#
#.###.#####.##.#.#
#####.###.#............#.#
#..[[.....##..#..#)#.##
####...........#.###..#
#.§.........#..♣...#
#♣§§...##.##.##.....#
#.~§~~.##....##...♣##
#.~~~~♣##.#####..♣.#


You could see a rust devil.

Vanquished Creatures
  A sixfirhy (D:9)
  Maurice (D:8)
  2 ice devils (D:9)
  A hornet (D:8)
  5 yaks (D:8)
  A wraith (D:9)
  A steam dragon (D:6)
  3 water moccasins
  2 ice beasts
  3 orc warriors
  3 black bears
  2 ogres (D:7)
  6 centaurs
  2 phantoms
  2 kobold brigands
  5 bullfrogs
  4 scorpions
  Blork the orc (D:5)
  8 wights
  6 killer bees (D:9)
  7 howler monkeys
  3 jellies
  4 quasits (D:9)
  A gnoll bouda (D:7)
  2 hounds
  6 iguanas
  A sleepcap (D:7)
  2 orc wizards (D:9)
  Natasha (D:3)
  7 gnolls
  7 adders
  A white imp (D:5)
  3 worms
  2 dart slugs
  14 orcs
  10 bats
  6 endoplasms
  2 giant cockroaches
  5 hobgoblins
  12 jackals
  5 quokkas
  10 ball pythons
  6 frilled lizards
  7 goblins
  22 kobolds
  6 rats
211 creatures vanquished.

Vanquished Creatures (others)
  851 foxfires
851 creatures vanquished.

Grand Total: 1062 creatures vanquished

Notes
Turn   | Place    | Note
-------+----------+-------------------------------------------
     0 | D:1      | retardedninja the Gargoyle Fire Elementalist began the
                  | quest for the Orb.
     0 | D:1      | Reached XP level 1. HP: 10/10 MP: 3/3
   108 | D:1      | Reached XP level 2. HP: 8/15 MP: 3/5
   729 | D:1      | Reached XP level 3. HP: 19/19 MP: 3/6
  1760 | D:1      | Learned a level 2 spell: Scorch
  1780 | D:2      | Reached XP level 4. HP: 24/24 MP: 4/7
  1958 | D:2      | Reached skill level 3 in Stealth
  2931 | D:3      | Noticed a scorpion
  2963 | D:3      | Killed a scorpion
  2964 | D:3      | Reached XP level 5. HP: 21/28 MP: 0/9
  3862 | D:3      | Noticed Natasha
  3868 | D:3      | Killed Natasha
  4149 | D:3      | Found a faded altar of an unknown god.
  4238 | D:4      | Noticed a black bear
  4259 | D:4      | Killed a black bear
  4260 | D:4      | Reached XP level 6. HP: 32/32 MP: 7/10
  4296 | D:4      | Reached skill level 4 in Stealth
  4769 | D:4      | Found a staircase to the Ecumenical Temple.
  4781 | Temple   | Entered the Ecumenical Temple
  4793 | Temple   | Became a worshipper of Vehumet
  5251 | D:4      | Identified the +1 leather armour "Heucuyl" {rF+ SInv}
  5289 | D:4      | Found a bloodstained altar of Trog.
  5367 | D:4      | Found a broken altar of Ashenzari.
  5444 | D:4      | Reached XP level 7. HP: 34/36 MP: 4/12
  5658 | D:5      | Entered Level 5 of the Dungeon
  5697 | D:5      | Found Zaesumah's Magic Scroll Shoppe.
  6333 | D:5      | Noticed Blork the orc
  6348 | D:5      | Killed Blork the orc
  6349 | D:5      | Reached skill level 5 in Stealth
  6536 | D:5      | Reached skill level 5 in Fire Magic
  6536 | D:5      | Reached XP level 8. HP: 25/41 MP: 6/14
  7067 | D:6      | Reached * piety under Vehumet
  7067 | D:6      | Offered knowledge of Sandblast by Vehumet.
  7243 | D:6      | Found Enuiton's Overcharged Wands.
  7255 | D:6      | Learned a level 4 spell: Flame Wave
  7470 | D:6      | Reached skill level 5 in Conjurations
  7482 | D:6      | Reached skill level 6 in Stealth
  7897 | D:6      | Reached XP level 9. HP: 38/45 MP: 12/16
  8051 | D:6      | Reached skill level 5 in Spellcasting
  8560 | D:7      | Found an ancient bone altar of Kikubaaqudgha.
  8560 | D:7      | Found a white marble altar of Elyvilon.
  8561 | D:7      | Found a blossoming altar of Fedhas.
  8577 | D:7      | Found a glowing golden altar of the Shining One.
  9466 | D:7      | Reached skill level 7 in Stealth
  9957 | D:7      | Reached skill level 5 in Dodging
 10021 | D:8      | Found Aguvvoa's Antique Weapon Boutique.
 10086 | D:8      | Reached ** piety under Vehumet
 10089 | D:8      | Offered knowledge of Shock by Vehumet.
 10094 | D:8      | Noticed Maurice
 10119 | D:8      | Killed Maurice
 10234 | D:8      | Noticed a hornet
 10242 | D:8      | Killed a hornet
 10243 | D:8      | Reached XP level 10. HP: 38/50 MP: 11/19
 10566 | D:8      | Reached skill level 8 in Stealth
 10659 | D:8      | Found Inyteneq's Jewellery Shoppe.
 10746 | D:8      | Found a runed translucent gate.
 10746 | D:8      | Found a runed translucent gate.
 10746 | D:8      | Found a runed translucent gate.
 10872 | D:8      | Noticed Pooter's ghost (journeyman MiBe)
 10873 | D:8      | Noticed petzl's ghost (weakling FoDe)
 11139 | D:9      | Noticed a sixfirhy
 11148 | D:9      | Killed a sixfirhy
 11356 | D:9      | Offered knowledge of Dazzling Flash by Vehumet.
 12175 | D:9      | Reached skill level 9 in Stealth
 12365 | D:9      | Reached *** piety under Vehumet
 12366 | D:9      | Reached XP level 11. HP: 49/54 MP: 12/21
 13005 | D:9      | Learned a level 2 spell: Searing Ray
 13229 | D:9      | Learned a level 6 spell: Bombard
 13292 | D:9      | Killed by miscasting Bombard

Illustrated notes

Levels and vault maps discovered:
D:1:      scummos_arrival_simple_crosswalls, layout_basic, minmay_tall_x
D:2:      layout_basic
D:3:      layout_basic, shapermc_ecumenical_altar_hornbeckon, uniq_natasha
D:4:      minmay_general_purpose_star, layout_basic, kennysheep_mini,
          lemuel_doored_altar, gup_sewer_entry_spiral
D:5:      layout_gridville, serial_shops,
          nicolae_shop_competitors_out_of_business, uniq_blork_the_orc
D:6:      layout_cave_pools, serial_co_window_serial, co_window_paths_a,
          co_window_paths_a, co_window_of_opportunity_a,
          co_window_of_opportunity_a, co_window_corner_a, co_window_paths_a,
          co_window_corner_a, co_window_of_opportunity_a, co_window_paths_b,
          co_window_broadway_a, co_window_corner_cb, co_window_paths_c,
          co_window_paths_e, co_window_sun, glass_columns_c, glass_columns_b,
          nicolae_shop_overcharged_wands
D:7:      layout_basic, nicolae_overflow_quartered_altars,
          minmay_fractal_squares_5
D:8:      layout_gridville, serial_shops, nicolae_diamond_shop, shop,
          gammafunk_ghost_cemetery, uniq_maurice
D:9:      layout_basic, serial_demonic, serial_demonic_f, serial_demonic_f,
          serial_demonic_f, serial_demonic_c
Temple:   nicolae_temple_superstar

Skill      XL: |  1  2  3  4  5  6  7  8  9 10 11 |
---------------+----------------------------------+-----
Dodging        | 2 3 4 5 6 |  6.4
Conjurations   | 2 3 4 5 6 8 |  8.2
Stealth        | 3 4 5 6 7 9 |  9.2
Spellcasting   | 3 4 6 7 |  7.1
Fire Magic     | 4 5 6 7 8 |  8.1

Action                     |  1- 3 |  4- 6 |  7- 9 | 10-12 || total
---------------------------+-------+-------+-------+-------++-------
  Melee: Unarmed           |     2 |       |       |       ||     2
         Spear             |     9 |    14 |     2 |       ||    25
         Halberd           |       |       |     8 |    11 ||    19
   Cast: Foxfire           |   105 |   152 |   189 |    82 ||   528
         Scorch            |       |    18 |    54 |    52 ||   124
         Flame Wave        |       |       |     2 |     8 ||    10
         Searing Ray       |       |       |       |     3 ||     3
         Bombard           |       |       |       |     2 ||     2
  Evoke: Wand              |       |     4 |     6 |     6 ||    16
    Use: Potion            |     1 |       |       |     9 ||    10
         Scroll            |     3 |     1 |       |    13 ||    17
   Stab: Paralysed         |       |       |     1 |       ||     1
 Armour: Robe              |    95 |    34 |    90 |   107 ||   326
  Dodge: Dodged            |   124 |    35 |    73 |   108 ||   340
  Block: Other             |    20 |    15 |    36 |    38 ||   109
         Reflection        |     1 |       |     2 |     3 ||     6

Table legend: (Time is in decaauts)
 A = Elapsed time spent in this place.
 B = Non-inter-level travel time spent in this place.
 C = Inter-level travel time spent in this place.
 D = Time resting spent in this place.
 E = Time spent auto-exploring this place.
 F = Levels seen in this place.
 G = Mean time per level.
                   A        B        C        D        E       F      G
               +--------+--------+--------+--------+--------+-----+--------+
         Total |  13332 |  13107 |    225 |   1773 |   9045 |  10 | 1333.2 |
       Dungeon |  13307 |  13104 |    203 |   1773 |   9045 |   9 | 1478.6 |
        Temple |     24 |      2 |     22 |      0 |      0 |   1 |   24.0 |
               +--------+--------+--------+--------+--------+-----+--------+

Top non-repeatable levels by time:
     D:9: 1973 daAuts
     D:1: 1740 daAuts
     D:7: 1553 daAuts
     D:4: 1470 daAuts
     D:6: 1459 daAuts
     D:3: 1379 daAuts
     D:5: 1344 daAuts
     D:8: 1299 daAuts
     D:2: 1085 daAuts
  Temple: 24 daAuts
